 Dungeon Crawl Stone Soup version 0.18.1-47-g9310371 (console) character file.

2548 Kloppie the Fighter (level 9, -19/133 HPs)
             Began as a Minotaur Berserker on June 23, 2016.
             Was a Priest of Trog.
             Demolished by a death knight
             ... wielding a +0 battleaxe
              (24 damage)
             ... on level 6 of the Dungeon.
             The game lasted 00:09:31 (5928 turns).

Kloppie the Fighter (Minotaur Berserker)            Turns: 5928, Time: 00:09:32

Health: -19/133    AC:  9    Str: 28    XL:     9   Next: 30%
Magic:  8/8        EV: 11    Int:  4    God:    Trog [***...]
Gold:   174        SH:  0    Dex: 12    Spells: 0 memorised, 8 levels left

rFire  . . .     SeeInvis .     a - +1 flail
rCold  . . .     Gourm    .     h - +0 ring mail
rNeg   . . .     Faith    .     (no shield)
rPois  .         Spirit   .     (helmet restricted)
rElec  .         Dismiss  .     r - +0 cloak
rCorr  .         Reflect  .     (no gloves)
SustAt .         Harm     .     y - +2 pair of boots
MR     ++...                    d - amulet of regeneration
Stlth  ..........               (no ring)
                                (no ring)

@: berserking (expiring), regenerating, slowed, very resistant to hostile
enchantments, extremely unstealthy
A: retaliatory headbutt, horns 2
a: Berserk, Trog's Hand, Burn Spellbooks, Renounce Religion


You were on level 6 of the Dungeon.
You worshipped Trog.
Trog was most pleased with you.
You were hungry.

You visited 1 branch of the dungeon, and saw 6 of its levels.
You also visited: Ossuary.

You collected 318 gold pieces.
You spent 144 gold pieces at shops.

Inventory:

Hand Weapons
 a - a +1 flail (weapon)
 p - a +0 mace
Armour
 h - a +0 ring mail (worn)
 r - a +0 cloak (worn)
 y - a +2 pair of boots (worn)
Jewellery
 d - an amulet of regeneration (around neck)
Scrolls
 k - 2 scrolls of blinking
 m - 4 scrolls of teleportation
 w - 7 scrolls of identify
 A - a scroll of remove curse
 B - a scroll of enchant weapon
Potions
 b - 4 potions of flight {unknown}
 e - a potion of brilliance {unknown}
 j - a potion of cure mutation
 l - 4 potions of curing
 n - a potion of haste
 q - 2 potions of might
 s - 3 potions of magic {unknown}
 t - 6 potions of heal wounds
 v - a potion of lignification
 z - 2 potions of invisibility {unknown}
Comestibles
 c - 4 bread rations
 f - a meat ration
 g - 3 chunks of flesh
 i - 2 slices of pizza
 o - 19 fruits


   Skills:
 + Level 11.2 Fighting
 + Level 11.1 Maces & Flails
 - Level 2.4 Armour
 - Level 2.1 Dodging


You had 8 spell levels left.
You didn't know any spells.

Dungeon Overview and Level Annotations

Branches:
Dungeon (6/15)             Temple (0/1) D:6

Altars:
Qazlal

Shops:
D:4 !


Innate Abilities, Weirdness & Mutations

You reflexively headbutt those who attack you in melee.
You have a pair of horns on your head.


Message History

You sock the death knight!
You headbutt the death knight, but do no damage.
The death knight is lightly wounded.
Your damage is reflected back at you!
* * * LOW HITPOINT WARNING * * *
You hit the death knight. You headbutt the death knight.
The death knight is moderately wounded.
Your damage is reflected back at you!
* * * LOW HITPOINT WARNING * * *
You sock the death knight!
You headbutt the death knight, but do no damage.
The death knight is heavily wounded.
Your damage is reflected back at you!
* * * LOW HITPOINT WARNING * * *
The death knight barely misses you.
You hit the death knight.
The death knight is heavily wounded.
Your damage is reflected back at you!
The death knight hits you with a battleaxe!!
You die...

### #.####.#
..##.##...#######
..#.##.#........
#.#.##.#.#######
#.#)##.#.# #.<....#..
# ##..######.
#.####..# .# ###
#..@pWW.# # # ..#
######..#.# #.#
...........# #.#
########W.###.#####)#
..............
W...###.#.###.#
...... #.. ....p#..
###ยง# #.[.W.#..#
#....


You could see a death knight, a freezing wraith and a wraith.

Vanquished Creatures
  The ghost of lepiPlod666 the Covert, a novice KoAs of Trog (D:6)
  The ghost of Kiel97 the Poker, a novice DgWn (Ossuary)
  A phantom (D:6)
  2 orc warriors (D:6)
  2 sky beasts
  3 ogres
  10 scorpions
  A centaur zombie (Ossuary)
  A human zombie (Ossuary)
  2 hounds
  2 orc priests
  3 orc wizards
  3 worker ants (D:4)
  2 big kobold zombies (Ossuary)
  A hound skeleton (D:5)
  2 mummies (Ossuary)
  11 gnolls
  3 scorpion zombies (Ossuary)
  4 adders
  2 shadow imps (D:5)
  2 oozes
  An adder skeleton (D:5)
  2 worms
  2 dart slugs
  2 giant geckos
  14 orcs
  4 bats
  4 giant cockroaches
  A gnoll zombie (Ossuary)
  7 hobgoblins
  4 jackals (D:1)
  2 quokkas
  2 giant gecko skeletons
  5 giant newts
  13 goblins
  3 goblin zombies (Ossuary)
  2 hobgoblin zombies (Ossuary)
  4 kobolds
  A kobold zombie (Ossuary)
  2 quokka skeletons (D:4)
  5 rats
139 creatures vanquished.

Vanquished Creatures (others)
  A scorpion (Ossuary)
  A mummy (Ossuary)
2 creatures vanquished.

Grand Total: 141 creatures vanquished

Notes
Turn   | Place    | Note
--------------------------------------------------------------
     0 | D:1      | Kloppie the Minotaur Berserker began the quest for the Orb.
     0 | D:1      | Reached XP level 1. HP: 19/19 MP: 0/0
   230 | D:1      | Reached XP level 2. HP: 24/27 MP: 1/1
   837 | D:1      | Reached XP level 3. HP: 34/34 MP: 2/2
  1152 | D:2      | Found a faded altar to an unknown god.
  1164 | D:2      | Reached ** piety under Trog
  1174 | D:2      | Reached skill level 5 in Fighting
  1175 | D:2      | Reached XP level 4. HP: 15/42 MP: 3/3
  1224 | D:2      | Reached skill level 5 in Maces & Flails
  1555 | D:2      | Reached XP level 5. HP: 41/49 MP: 4/4
  1563 | D:2      | Noticed an air elemental
  1564 | D:2      | Found a stormy altar of Qazlal.
  1566 | D:2      | Noticed a fire elemental
  1566 | D:2      | Noticed a water elemental
  2871 | D:4      | Reached XP level 6. HP: 50/58 MP: 5/5
  2881 | D:4      | Reached *** piety under Trog
  3346 | D:4      | Found Penel's Distillery.
  3352 | D:4      | Bought a potion of curing for 36 gold pieces
  3352 | D:4      | Bought a potion of heal wounds for 60 gold pieces
  3352 | D:4      | Bought a potion of degeneration for 12 gold pieces
  3352 | D:4      | Bought a potion of lignification for 36 gold pieces
  3403 | D:4      | Reached XP level 7. HP: 62/66 MP: 6/6
  3520 | D:5      | Entered Level 5 of the Dungeon
  4389 | D:6      | Noticed lepiPlod666's ghost (novice KoAs)
  4419 | D:6      | Killed lepiPlod666's ghost
  4419 | D:6      | Reached XP level 8. HP: 75/78 MP: 7/7
  4457 | D:6      | Found a staircase to the Ecumenical Temple.
  4671 | D:6      | Found a sand-covered staircase.
  4675 | Ossuary  | Entered an ossuary
  5248 | Ossuary  | Reached skill level 10 in Fighting
  5298 | Ossuary  | Reached skill level 10 in Maces & Flails
  5299 | Ossuary  | Noticed Kiel97's ghost (novice DgWn)
  5494 | Ossuary  | Killed Kiel97's ghost
  5494 | Ossuary  | Reached XP level 9. HP: 77/86 MP: 8/8
  5909 | D:6      | Noticed a death knight
  5909 | D:6      | Noticed a freezing wraith
  5922 | D:6      | Noticed a freezing wraith
  5927 | D:6      | HP: 3/133 [mirror damage (8)]
  5928 | D:6      | Demolished by a death knight

Skill      XL: |  1  2  3  4  5  6  7  8  9 |
---------------+----------------------------+-----
Maces & Flails | 4 5 6 7 8 10 11 | 11.1
Fighting       | 4 5 6 7 9 10 11 | 11.2
Armour         | |  2.4
Dodging        | |  2.1

Action                   |  1- 3 |  4- 6 |  7- 9 || total
-------------------------+-------+-------+-------++-------
Melee: Mace              |    77 |     1 |       ||    78
       Headbutt          |    10 |    24 |    44 ||    78
       Flail             |       |   155 |   224 ||   379
Invok: Trog's Hand       |       |     3 |     3 ||     6
       Berserk           |       |     1 |     4 ||     5
  Use: Scroll            |       |     9 |     3 ||    12
 Stab: Sleeping          |     1 |       |       ||     1
       Distracted        |       |       |     1 ||     1
  Eat: Chunk             |     1 |     9 |     1 ||    11
       Meat ration       |       |       |     2 ||     2
Armor: Leather armour    |     4 |       |       ||     4
       Ring mail         |    14 |    40 |    62 ||   116
Dodge: Dodged            |    43 |    94 |   108 ||   245
